[Event "WCCC G12 2019"]
[Site "Weifang"]
[Date "2019.08.29"]
[Round "8.2"]
[White "Nguyen, Ha Khanh Linh"]
[Black "Mikheeva, Galina"]
[Result "0-1"]
[ECO "D35"]
[WhiteElo "1500"]
[BlackElo "1952"]
[Annotator "NA"]
[PlyCount "84"]
[EventDate "2019.08.21"]
[EventType "swiss"]
[EventCountry "CHN"]
[SourceTitle "playchess.com"]
[Source "ChessBase"]
[SourceQuality "1"]
[TimeControl "40/5400+30:1800+30"]

1. d4 Nf6 2. c4 e6 3. Nc3 d5 4. cxd5 exd5 5. Bg5 Bb4 6. Qb3 Bxc3+ 7. Qxc3 c6 8. Rc1 O-O 9. Nf3 h6 10. Bh4 g5 11. Bg3 Ne4 12. Qa3 Nd7 $14 13. e3 f5 14. Bd6 Re8 15. Bd3 Qf6 16. Be5 Qe6 17. h3 b6 18. O-O Bb7 19. Bh2 Rf8 20. Ne5 h5 21. Ba6 Bxa6 22. Rxc6 Qe8 23. Nxd7 Qxd7 24. Rc7 Qb5 25. Rfc1 Rac8 26. Rxc8 Rxc8 27. Rxc8+ Bxc8 28. Qe7 Qd7 29. Qb4 Kf7 30. f3 Nf6 31. Be5 Qe7 32. Qb5 Bb7 33. Qd3 Bc8 34. Qb5 Qe6 35. Qa4 a6 36. Kf2 Nd7 37. Bc7 Bb7 38. Qb4 a5 39. Qa3 Ke8 40. Qd3 Qf7 41. Bd6 Qe6 42. Ba3 Nb8 0-1

[Event "WCCC G12 2019"]
[Site "Weifang"]
[Date "2019.08.29"]
[Round "8.3"]
[White "Enkhbolor Nyamdavaa"]
[Black "Savitha Shri B"]
[Result "0-1"]
[ECO "B95"]
[WhiteElo "1627"]
[BlackElo "2010"]
[Annotator "NA"]
[PlyCount "83"]
[EventDate "2019.08.21"]
[EventType "swiss"]
[EventCountry "CHN"]
[SourceTitle "playchess.com"]
[Source "ChessBase"]
[SourceQuality "1"]
[TimeControl "40/5400+30:1800+30"]

1. e4 c5 2. Nf3 d6 3. d4 cxd4 4. Nxd4 Nf6 5. Nc3 a6 6. Bg5 Nbd7 7. Qf3 e6 8. O-O-O Qc7 9. Qg3 h6 10. Bxf6 Nxf6 11. f4 b6 12. Bd3 Bb7 13. Qf3 b5 14. g4 Nd7 15. a3 Qb6 16. Be2 Rb8 17. Nb3 Nc5 18. Nd2 Bc6 19. Rhe1 a5 20. Bf1 Qb7 21. Nd5 Bd7 22. Ne3 Be7 23. Re2 Bc6 24. Bg2 Bf6 25. Nd5 Bd8 26. h4 Qa6 27. Bf1 Bb7 28. Ne3 Qc6 29. Bg2 Rc8 30. Kb1 Be7 31. Rde1 Ba6 32. Nf5 Bf8 33. Nd4 Qb6 34. Re3 Rb8 35. Qd1 b4 36. Qc1 Be7 37. e5 d5 38. axb4 axb4 39. N2b3 Bc4 40. Qd2 Qa6 41. Qf2 Ra8 42. Kc1 0-1

[Event "WCCC G12 2019"]
[Site "Weifang"]
[Date "2019.08.29"]
[Round "8.4"]
[White "Nguyen, Le Cam Hien"]
[Black "Shvedova, Alexandra"]
[Result "0-1"]
[ECO "B92"]
[WhiteElo "1579"]
[BlackElo "1932"]
[Annotator "NA"]
[PlyCount "85"]
[EventDate "2019.08.21"]
[EventType "swiss"]
[EventCountry "CHN"]
[SourceTitle "playchess.com"]
[Source "ChessBase"]
[SourceQuality "1"]
[TimeControl "40/5400+30:1800+30"]

1. e4 c5 2. Nf3 d6 3. d4 cxd4 4. Nxd4 Nf6 5. Nc3 a6 6. Be2 Nbd7 7. f4 e5 8. Nb3 Be7 9. O-O O-O 10. Kh1 b5 11. a3 Bb7 12. Bf3 Rc8 13. f5 Rxc3 14. bxc3 Nxe4 15. Qe1 Ndf6 16. Bb2 Qc8 17. a4 Ng5 18. Bxb7 Qxb7 19. axb5 Qxb5 20. Ra5 Qb6 21. Qf2 Qc7 22. Rxa6 Qc4 23. Raa1 Ng4 24. Qe1 Bd8 25. Nd2 Qb5 26. Qg3 Qxb2 27. Qxg4 Qxc3 28. Ne4 Qd4 29. Nf2 Qxg4 30. Nxg4 Bb6 31. Rad1 Bc5 32. Rd5 Ne4 33. Re1 Ra8 34. g3 Nf6 35. Nxf6+ gxf6 36. Kg2 Ra2 37. Re2 Ra4 38. Kf3 Rc4 39. Rd3 Ra4 40. Re4 Ra1 41. Kg4 Rf1 42. c4 Kg7 43. Rf3 0-1

[Event "WCCC G12 2019"]
[Site "Weifang"]
[Date "2019.08.29"]
[Round "8.5"]
[White "Manko, Mariya"]
[Black "Wang, Yuehan"]
[Result "1-0"]
[ECO "A37"]
[WhiteElo "1895"]
[BlackElo "1600"]
[Annotator "NA"]
[PlyCount "59"]
[EventDate "2019.08.21"]
[EventType "swiss"]
[EventCountry "CHN"]
[SourceTitle "playchess.com"]
[Source "ChessBase"]
[SourceQuality "1"]
[TimeControl "40/5400+30:1800+30"]

1. Nf3 c5 2. c4 Nc6 3. Nc3 g6 4. g3 Bg7 5. Bg2 e6 6. O-O Nge7 7. Rb1 O-O 8. a3 d5 9. cxd5 exd5 10. d3 Bf5 11. Bf4 a6 12. Qc1 Rc8 13. Rd1 Nd4 14. Bh6 Nb3 15. Qf4 f6 16. Bxg7 Kxg7 17. e4 g5 18. Nxg5 fxg5 19. Qe5+ Kg6 20. exf5+ Rxf5 21. Qe3 Rf6 22. Nxd5 Nxd5 23. Qe4+ Kg7 24. Qxd5 Qxd5 25. Bxd5 Na5 26. b4 cxb4 27. axb4 Nc6 28. b5 axb5 29. Rxb5 Nd8 30. Bxb7 1-0

[Event "WCCC G12 2019"]
[Site "Weifang"]
[Date "2019.08.29"]
[Round "8.6"]
[White "Velea, Sophie"]
[Black "Tang, Zoey"]
[Result "1-0"]
[ECO "A31"]
[WhiteElo "1533"]
[BlackElo "1866"]
[Annotator "NA"]
[PlyCount "65"]
[EventDate "2019.08.21"]
[EventType "swiss"]
[EventCountry "CHN"]
[SourceTitle "playchess.com"]
[Source "ChessBase"]
[SourceQuality "1"]
[TimeControl "40/5400+30:1800+30"]

1. e4 c5 2. Nf3 a6 3. c4 e6 4. Nc3 Qc7 5. d4 cxd4 6. Nxd4 Nf6 7. Be2 Be7 8. O-O d6 9. Be3 Nbd7 10. Qd2 b6 11. Rfc1 Bb7 12. f3 Rc8 13. a4 O-O 14. a5 bxa5 15. Nb3 Ba8 16. Nxa5 Qb8 17. b4 Bd8 18. b5 axb5 19. Nxb5 Bb6 20. Rcb1 d5 21. exd5 exd5 22. Kh1 Bxe3 23. Qxe3 Qe5 24. Qxe5 Nxe5 25. Nd6 Rb8 26. c5 d4 27. f4 Nc6 28. Nxc6 Bxc6 29. Bf3 Nd5 30. Rc1 Rb2 31. Nc4 Rbb8 32. Ne5 Ba8 33. Nd7 1-0

[Event "WCCC G12 2019"]
[Site "Weifang"]
[Date "2019.08.29"]
[Round "8.7"]
[White "Ivanova, Dilyana"]
[Black "Racasa, Antonella Berthe"]
[Result "0-1"]
[ECO "B27"]
[WhiteElo "1673"]
[BlackElo "1380"]
[Annotator "NA"]
[PlyCount "86"]
[EventDate "2019.08.21"]
[EventType "swiss"]
[EventCountry "CHN"]
[SourceTitle "playchess.com"]
[Source "ChessBase"]
[SourceQuality "1"]
[TimeControl "40/5400+30:1800+30"]

1. e4 g6 2. d4 Bg7 3. Nf3 c5 4. dxc5 Qa5+ 5. c3 Qxc5 6. Na3 Nf6 7. Be3 Qa5 8. Nb5 Nc6 9. Bc4 O-O 10. Bf4 d6 11. O-O Nxe4 12. Re1 Nf6 13. Qb3 Bd7 14. Ng5 Be8 15. Qc2 a6 16. b4 Qd8 17. Nd4 Nxd4 18. cxd4 Nh5 19. Be3 d5 20. Bb3 Rc8 21. Qd2 Bb5 22. Rac1 Qd6 23. Rc5 e6 24. Rec1 Rxc5 25. Rxc5 b6 26. Rc2 Rd8 27. a3 e5 28. g4 exd4 29. Bxd4 Bxd4 30. Qxd4 Nf6 31. a4 Bd7 32. h3 Re8 33. Rc3 h6 34. Nf3 Re4 35. Qd2 Kg7 36. Rd3 Qxb4 37. Bxd5 Nxd5 38. Rxd5 Qxd2 39. Nxd2 Re1+ 40. Kh2 Bxa4 41. Nc4 Bb3 42. Rd4 Bxc4 43. Rxc4 a5 0-1

[Event "WCCC G12 2019"]
[Site "Weifang"]
[Date "2019.08.29"]
[Round "8.8"]
[White "Huang, Qianyi"]
[Black "Wei, Yaqing"]
[Result "1-0"]
[ECO "E43"]
[WhiteElo "1247"]
[BlackElo "1640"]
[Annotator "NA"]
[PlyCount "72"]
[EventDate "2019.08.21"]
[EventType "swiss"]
[EventCountry "CHN"]
[SourceTitle "playchess.com"]
[Source "ChessBase"]
[SourceQuality "1"]
[TimeControl "40/5400+30:1800+30"]

1. d4 Nf6 2. c4 e6 3. Nf3 b6 4. e3 Bb7 5. Be2 Bb4+ 6. Nc3 O-O 7. O-O Bxc3 8. bxc3 d6 9. Re1 Ne4 10. Qc2 f5 11. Nd2 Nxd2 12. Qxd2 Nd7 13. Bd3 e5 14. f4 Rf6 15. Qf2 Qf8 16. Rb1 Rb8 17. Rb2 Qf7 18. Qf1 Qh5 19. Be2 Qh4 20. Qf2 Qh6 21. c5 Rg6 22. Bf1 exd4 23. exd4 Nf6 24. Qe2 Ne4 25. cxb6 cxb6 26. Qc4+ Kh8 27. Qc7 Rf8 28. Qxb7 Qh4 29. g3 Nxg3 30. Rg2 Ne4 31. Ree2 Nxc3 32. Rc2 Qe1 33. Rxg6 hxg6 34. Qf3 Ne4 35. Kg2 d5 36. Ba3 Rd8 1-0

[Event "WCCC G12 2019"]
[Site "Weifang"]
[Date "2019.08.29"]
[Round "8.9"]
[White "Wang, Ellen"]
[Black "Sun, Chen"]
[Result "1/2-1/2"]
[ECO "B31"]
[WhiteElo "1867"]
[BlackElo "1529"]
[Annotator "NA"]
[PlyCount "53"]
[EventDate "2019.08.21"]
[EventType "swiss"]
[EventCountry "CHN"]
[SourceTitle "playchess.com"]
[Source "ChessBase"]
[SourceQuality "1"]
[TimeControl "40/5400+30:1800+30"]

1. e4 c5 2. Nf3 Nc6 3. Bb5 g6 4. Bxc6 bxc6 5. O-O Bg7 6. c3 Ba6 7. d3 d6 8. Re1 e6 9. d4 cxd4 10. cxd4 Ne7 11. d5 O-O 12. dxc6 Nxc6 13. Nc3 Rb8 14. Qa4 Qc8 15. a3 Re8 16. h3 Ne5 17. Nxe5 Bxe5 18. Be3 Rxb2 19. Rac1 Bd3 20. Bd4 Bf4 21. Nd5 Bxc1 22. Nf6+ Kf8 23. Nxh7+ Kg8 24. Nf6+ Kf8 25. Nh7+ Kg8 26. Nf6+ Kf8 27. Nh7+ 1/2-1/2

[Event "WCCC G12 2019"]
[Site "Weifang"]
[Date "2019.08.29"]
[Round "8.10"]
[White "Zakirova, Aisha"]
[Black "Zhu, Jenny"]
[Result "1/2-1/2"]
[ECO "D46"]
[WhiteElo "1595"]
[BlackElo "1516"]
[Annotator "NA"]
[PlyCount "49"]
[EventDate "2019.08.21"]
[EventType "swiss"]
[EventCountry "CHN"]
[SourceTitle "playchess.com"]
[Source "ChessBase"]
[SourceQuality "1"]
[TimeControl "40/5400+30:1800+30"]

1. d4 d5 2. c4 c6 3. Nc3 Nf6 4. Nf3 e6 5. e3 Nbd7 6. Qc2 Bd6 7. Bd3 dxc4 8. Bxc4 O-O 9. O-O b5 10. Be2 Bb7 11. a3 a6 12. b4 a5 13. Rb1 axb4 14. axb4 Qe7 15. Qb3 Nd5 16. e4 Nxc3 17. Qxc3 Rfc8 18. e5 Bc7 19. Bg5 Qe8 20. Nd2 Nb6 21. Ne4 Nd5 22. Qh3 Ra2 23. Bd3 g6 24. Rb3 Rca8 25. Bb1 1/2-1/2

[Event "WCCC G12 2019"]
[Site "Weifang"]
[Date "2019.08.30"]
[Round "9.1"]
[White "Yan, Ruiyang"]
[Black "Velea, Sophie"]
[Result "1-0"]
[ECO "B75"]
[WhiteElo "1983"]
[BlackElo "1533"]
[Annotator "NA"]
[PlyCount "90"]
[EventDate "2019.08.21"]
[EventType "swiss"]
[EventCountry "CHN"]
[SourceTitle "playchess.com"]
[Source "ChessBase"]
[SourceQuality "1"]
[TimeControl "40/5400+30:1800+30"]

1. e4 c5 2. Nf3 d6 3. d4 cxd4 4. Nxd4 Nf6 5. Nc3 g6 6. Be3 Bg7 7. f3 Nbd7 8. Bc4 a6 9. Qd2 h5 10. O-O-O b5 11. Bb3 Bb7 12. Kb1 Nc5 13. h3 Nxb3 14. cxb3 Nd7 15. g4 Nc5 16. Qf2 Nd7 17. gxh5 Rxh5 18. h4 Ne5 19. Nce2 Nc6 20. Ng3 Rh8 21. h5 Qd7 22. Nxc6 Bxc6 23. Bb6 a5 24. hxg6 fxg6 25. Rxh8+ Bxh8 26. Qh2 Bg7 27. Qh7 Kf7 28. Bd4 Rg8 29. Ne2 Qc8 30. Rg1 e5 31. Qxg6+ Ke7 32. Be3 Qe6 33. Bg5+ Kd7 34. Bf6 Bxf6 35. Qxg8 Qxg8 36. Rxg8 d5 37. Nc3 dxe4 38. fxe4 b4 39. Nd5 Bxd5 40. exd5 Be7 41. Rg6 Bd6 42. Re6 Kc7 43. Kc2 Kd7 44. Kd3 Kc7 45. Kc4 Kd7 1-0

[Event "WCCC G12 2019"]
[Site "Weifang"]
[Date "2019.08.30"]
[Round "9.2"]
[White "Mikheeva, Galina"]
[Black "Huang, Qianyi"]
[Result "1-0"]
[ECO "C02"]
[WhiteElo "1952"]
[BlackElo "1247"]
[Annotator "NA"]
[PlyCount "73"]
[EventDate "2019.08.21"]
[EventType "swiss"]
[EventCountry "CHN"]
[SourceTitle "playchess.com"]
[Source "ChessBase"]
[SourceQuality "1"]
[TimeControl "40/5400+30:1800+30"]

1. e4 c5 2. Nf3 e6 3. c3 Nc6 4. d4 d5 5. e5 Qb6 6. a3 Bd7 7. b4 cxb4 8. cxb4 a6 9. Be2 Be7 10. O-O h5 11. Nc3 Na7 12. Be3 Nb5 13. Na4 Qd8 14. Qb3 b6 15. Nb2 g5 16. a4 Nc7 17. Rac1 g4 18. Ne1 Nh6 19. Bxh6 Rxh6 20. f3 Rg6 21. fxg4 hxg4 22. Ned3 Kf8 23. Nf4 Rg5 24. Qc2 Kg7 25. Qxc7 Qe8 26. Qc3 Qh8 27. Qg3 Bxb4 28. h4 Rf5 29. Bxg4 Kf8 30. Bxf5 exf5 31. Rc7 Ke8 32. Nxd5 Be7 33. Nxe7 Kxe7 34. Qg5+ Ke8 35. Nc4 Kf8 36. Rxd7 Re8 37. Rxf5 1-0

[Event "WCCC G12 2019"]
[Site "Weifang"]
[Date "2019.08.30"]
[Round "9.3"]
[White "Savitha Shri B"]
[Black "Nurmanova, Alua"]
[Result "0-1"]
[ECO "B84"]
[WhiteElo "2010"]
[BlackElo "1850"]
[Annotator "NA"]
[PlyCount "102"]
[EventDate "2019.08.21"]
[EventType "swiss"]
[EventCountry "CHN"]
[SourceTitle "playchess.com"]
[Source "ChessBase"]
[SourceQuality "1"]
[TimeControl "40/5400+30:1800+30"]

1. e4 c5 2. Nf3 d6 3. d4 cxd4 4. Nxd4 Nf6 5. Nc3 a6 6. Be3 e6 7. Be2 Qc7 8. O-O b5 9. Bf3 Bb7 10. a3 Be7 11. Qe2 Nbd7 12. g3 Ne5 13. Bg2 O-O 14. Rad1 Nc4 15. Bc1 Nxa3 16. f4 Nc4 17. b3 Na5 18. Rd3 Nc6 19. Nf3 Nb4 20. Bd2 Nxd3 21. cxd3 Rac8 22. h3 b4 23. Nd1 Rfe8 24. Ne3 a5 25. g4 e5 26. Nf5 Qc2 27. fxe5 dxe5 28. Kh1 Bf8 29. Ra1 Ba6 30. Bf1 Rc5 31. Qe3 Qb2 32. Re1 Rc6 33. Qg5 Kh8 34. Ne3 Rc5 35. Qh4 Rc6 36. Qg5 Rc5 37. Qh4 Rc6 38. Qg5 Rc5 39. Qh4 Kg8 40. Nf5 Rc6 41. Ne3 Qxb3 42. g5 Nd7 43. Be2 Bxd3 44. Bd1 Qa2 45. Qg4 Nc5 46. Nf5 b3 47. Bxb3 Nxb3 48. Be3 Qa4 49. Bf2 Nc5 50. Ng3 Qc2 51. Bg1 a4 0-1

[Event "WCCC G12 2019"]
[Site "Weifang"]
[Date "2019.08.30"]
[Round "9.4"]
[White "Shvedova, Alexandra"]
[Black "Manko, Mariya"]
[Result "1-0"]
[ECO "B77"]
[WhiteElo "1932"]
[BlackElo "1895"]
[Annotator "NA"]
[PlyCount "73"]
[EventDate "2019.08.21"]
[EventType "swiss"]
[EventCountry "CHN"]
[SourceTitle "playchess.com"]
[Source "ChessBase"]
[SourceQuality "1"]
[TimeControl "40/5400+30:1800+30"]

1. e4 c5 2. Nf3 d6 3. d4 cxd4 4. Nxd4 Nf6 5. Nc3 g6 6. Be3 Bg7 7. f3 O-O 8. Qd2 Nc6 9. Bc4 Qa5 10. O-O-O Nxd4 11. Bxd4 Be6 12. Bb3 b5 13. Kb1 b4 14. Ne2 Qb5 15. g4 a5 16. g5 Nh5 17. Bxg7 Nxg7 18. Nd4 Qd7 19. h4 Nh5 20. Ne2 a4 21. Bd5 Bxd5 22. Qxd5 Qe6 23. Nd4 Qxd5 24. exd5 f6 25. Rhe1 fxg5 26. hxg5 Rf7 27. Kc1 Rc8 28. Nc6 Rc7 29. Re3 Nf4 30. Nxb4 Nh3 31. Nc6 Nxg5 32. Rf1 e5 33. b4 axb3 34. cxb3 Nh3 35. Rc3 Nf4 36. Kd2 Nxd5 37. Re1 1-0

[Event "WCCC G12 2019"]
[Site "Weifang"]
[Date "2019.08.30"]
[Round "9.5"]
[White "Racasa, Antonella Berthe"]
[Black "Nguyen, Ha Khanh Linh"]
[Result "1-0"]
[ECO "A48"]
[WhiteElo "1380"]
[BlackElo "1500"]
[Annotator "NA"]
[PlyCount "103"]
[EventDate "2019.08.21"]
[EventType "swiss"]
[EventCountry "CHN"]
[SourceTitle "playchess.com"]
[Source "ChessBase"]
[SourceQuality "1"]
[TimeControl "40/5400+30:1800+30"]

1. d4 d6 2. Bf4 g6 3. e3 Bg7 4. Nf3 Nf6 5. h3 c6 6. Nbd2 O-O 7. Be2 Nbd7 8. O-O a6 9. a4 b6 10. c3 Bb7 11. Bh2 c5 12. b4 Ne4 13. Nxe4 Bxe4 14. Nd2 Bb7 15. Bf3 Qc7 16. Qb3 Bxf3 17. Nxf3 cxb4 18. cxb4 Rac8 19. Qd3 Qc4 20. Qd2 Qc2 21. Rfc1 Qxd2 22. Nxd2 d5 23. Kf1 e5 24. Nf3 exd4 25. exd4 Rc4 26. Rxc4 dxc4 27. b5 a5 28. Rc1 Rc8 29. Ke2 f6 30. Rc3 Bf8 31. Nd2 Re8+ 32. Kd1 Bb4 33. Rxc4 Rd8 34. Bf4 Kf7 35. Kc2 g5 36. Be3 h6 37. f4 Re8 38. Kd3 Rd8 39. Ke2 Re8 40. Kf3 Ke6 41. fxg5 fxg5 42. Rc6+ Kd5 43. Rxh6 g4+ 44. hxg4 Rf8+ 45. Ke2 Nf6 46. Rg6 Bxd2 47. Kxd2 Kc4 48. g5 Ne4+ 49. Kc2 Rb8 50. Re6 Ng3 51. Bf4 Rc8 52. Bxg3 1-0

[Event "WCCC G12 2019"]
[Site "Weifang"]
[Date "2019.08.30"]
[Round "9.6"]
[White "Wang, Xiyue"]
[Black "Tang, Zoey"]
[Result "1-0"]
[ECO "B86"]
[WhiteElo "1540"]
[BlackElo "1866"]
[Annotator "NA"]
[PlyCount "77"]
[EventDate "2019.08.21"]
[EventType "swiss"]
[EventCountry "CHN"]
[SourceTitle "playchess.com"]
[Source "ChessBase"]
[SourceQuality "1"]
[TimeControl "40/5400+30:1800+30"]

1. e4 c5 2. Nf3 d6 3. d4 cxd4 4. Nxd4 Nf6 5. Nc3 a6 6. Bc4 e6 7. O-O Be7 8. Be3 O-O 9. Qf3 Qc7 $11 10. Be2 Nbd7 11. Qg3 Kh8 12. Nb3 b5 13. a3 Bb7 14. f3 Rac8 15. Rad1 Ne5 16. Qf2 Nfd7 17. Nd2 f5 18. exf5 Rxf5 19. f4 Nc4 20. Nxc4 bxc4 21. Bg4 Rf6 22. Qe2 Rg6 23. Rf2 Qc6 24. Bf3 d5 25. f5 Rf6 26. Bg5 Bc5 27. Bxf6 Bxf2+ 28. Kxf2 Nxf6 29. Qxe6 Qc5+ 30. Qe3 d4 31. Qxd4 Qxf5 32. Rd2 Rf8 33. Ke1 Bxf3 34. gxf3 Qxf3 35. Rf2 Re8+ 36. Kd2 Qb7 37. Kc1 Qh1+ 38. Nd1 Qe4 39. Qxe4 1-0

[Event "WCCC G12 2019"]
[Site "Weifang"]
[Date "2019.08.30"]
[Round "9.7"]
[White "Wang, Yuehan"]
[Black "Wang, Ellen"]
[Result "1/2-1/2"]
[ECO "B90"]
[WhiteElo "1600"]
[BlackElo "1867"]
[Annotator "NA"]
[PlyCount "131"]
[EventDate "2019.08.21"]
[EventType "swiss"]
[EventCountry "CHN"]
[SourceTitle "playchess.com"]
[Source "ChessBase"]
[SourceQuality "1"]
[TimeControl "40/5400+30:1800+30"]

1. e4 c5 2. Nf3 d6 3. d4 cxd4 4. Nxd4 Nf6 5. Nc3 a6 6. f3 e5 7. Nb3 Be6 8. Be3 Nbd7 9. g4 b5 10. g5 Nh5 11. Qd2 Nb6 12. Nd5 Nxd5 13. exd5 Bd7 14. Na5 Be7 15. O-O-O O-O 16. Bd3 Rc8 17. Rhg1 Qc7 18. Be4 g6 19. Nc6 Bxc6 20. dxc6 Rfd8 21. Bd5 Bf8 22. Qf2 Re8 23. Rge1 Bg7 24. Bb6 Qe7 25. c7 Qxg5+ 26. Kb1 Qe7 27. Bc6 Rf8 28. Qd2 Rxc7 29. Bxc7 Qxc7 30. Qxd6 Qa7 31. Qd7 Qf2 32. Qd2 Qb6 33. Be4 Nf4 34. Qd6 Qa7 35. Qc6 Ne6 36. c3 b4 37. cxb4 Nd4 38. Qb7 Qxb7 39. Bxb7 Rb8 40. Bxa6 Rxb4 41. Rf1 f5 42. a3 Rb6 43. Bc4+ Kf8 44. b4 Rc6 45. Rc1 Bh6 46. Bd5 Rxc1+ 47. Rxc1 Bxc1 48. Kxc1 Ke7 49. a4 Kd6 50. Ba8 g5 51. Kd2 h5 52. h3 g4 53. fxg4 fxg4 54. hxg4 hxg4 55. Be4 g3 56. Ke1 g2 57. Kf2 g1=Q+ 58. Kxg1 Ne2+ 59. Kf2 Nc3 60. Bc2 Na2 61. b5 Kc5 62. Ke3 Nc3 63. Bb3 Nxb5 64. Ke4 Nc3+ 65. Kxe5 Nxa4 66. Bxa4 1/2-1/2

[Event "WCCC G12 2019"]
[Site "Weifang"]
[Date "2019.08.30"]
[Round "9.8"]
[White "Karmanova, Olga Dm."]
[Black "Zakirova, Aisha"]
[Result "1-0"]
[ECO "B25"]
[WhiteElo "1838"]
[BlackElo "1595"]
[Annotator "NA"]
[PlyCount "78"]
[EventDate "2019.08.21"]
[EventType "swiss"]
[EventCountry "CHN"]
[SourceTitle "playchess.com"]
[Source "ChessBase"]
[SourceQuality "1"]
[TimeControl "40/5400+30:1800+30"]

1. e4 c5 2. Nc3 d6 3. f4 g6 4. Nf3 Nc6 5. g3 Bg7 6. Bg2 Nf6 7. O-O O-O 8. d3 a6 9. a4 Rb8 10. h3 b5 11. axb5 axb5 12. Be3 b4 $11 13. Ne2 Bb7 14. g4 c4 15. Ng3 cxd3 16. cxd3 Ra8 17. Qd2 Ra5 18. d4 Qa8 19. Rac1 e6 20. Nh2 Re8 21. g5 Nd7 22. Ng4 f5 23. gxf6 Nxf6 24. Nxf6+ Bxf6 25. e5 Bh4 26. Ne4 d5 27. Nd6 Re7 28. Nxb7 Qxb7 29. Qe2 Re8 30. Qg4 Bd8 31. f5 exf5 32. Rxf5 Bb6 33. Rf3 Ba7 34. Kh1 Qc8 35. Qf4 Qd7 36. Rcf1 Nd8 37. Qh6 Ne6 38. h4 Qg7 39. Bh3 Nxd4 1-0

[Event "WCCC G12 2019"]
[Site "Weifang"]
[Date "2019.08.30"]
[Round "9.9"]
[White "Anudari Tsogdelger"]
[Black "Braeutigam, Katerina"]
[Result "1-0"]
[ECO "E12"]
[WhiteElo "1594"]
[BlackElo "1808"]
[Annotator "NA"]
[PlyCount "42"]
[EventDate "2019.08.21"]
[EventType "swiss"]
[EventCountry "CHN"]
[SourceTitle "playchess.com"]
[Source "ChessBase"]
[SourceQuality "1"]
[TimeControl "40/5400+30:1800+30"]

1. d4 Nf6 2. c4 e6 3. Nf3 b6 4. Bf4 Bb7 5. Nbd2 Be7 6. Qc2 d5 7. e3 Nbd7 8. Rc1 O-O $11 9. Bd3 dxc4 10. Nxc4 c5 11. e4 cxd4 12. e5 Nd5 13. Bxh7+ Kh8 14. Bd2 Nb4 15. Bxb4 Bxb4+ 16. Kf1 Rc8 17. Qa4 Kxh7 18. Qxb4 Ba6 19. Ke2 Qc7 20. b3 Nxe5 21. Qa4 d3+ 1-0

[Event "WCCC G12 2019"]
[Site "Weifang"]
[Date "2019.08.30"]
[Round "9.10"]
[White "Sun, Chen"]
[Black "Denic, Hana"]
[Result "1/2-1/2"]
[ECO "C28"]
[WhiteElo "1529"]
[BlackElo "1711"]
[Annotator "NA"]
[PlyCount "75"]
[EventDate "2019.08.21"]
[EventType "swiss"]
[EventCountry "CHN"]
[SourceTitle "playchess.com"]
[Source "ChessBase"]
[SourceQuality "1"]
[TimeControl "40/5400+30:1800+30"]

1. e4 e5 2. Bc4 Nf6 3. d3 Nc6 4. Nc3 Bb4 5. a3 Bxc3+ 6. bxc3 h6 7. Ne2 O-O 8. O-O d5 9. exd5 Nxd5 10. h3 Be6 11. Ba2 Qd6 12. c4 Nde7 13. Nc3 f5 14. Kh1 f4 15. Ne4 Qd8 16. Rg1 Qc8 17. Kh2 Nd4 18. c3 Ndc6 19. d4 Bf5 20. f3 exd4 21. cxd4 Ng6 22. Bb2 Qd8 23. Qd2 Qh4 24. Qe1 Qh5 25. Qf2 Nh4 26. c5+ Kh8 27. d5 Ne7 28. Raf1 Bd7 29. g4 fxg3+ 30. Qxg3 Neg6 31. Nd2 Rae8 32. Rf2 Re3 33. Bb1 Nxf3+ 34. Nxf3 Rfxf3 35. Bxg7+ Kg8 36. Rxf3 Rxf3 37. Bxg6 Rxg3 38. Rxg3 1/2-1/2